 Dungeon Crawl Stone Soup version 0.30.1-11-g7821555f0a (webtiles) character file.

Game seed: 11380684656457142369

3234 Kallu the Fighter (level 9, -2/86 HPs)
             Began as a Ghoul Monk on Jan 6, 2024.
             Was a Believer of Wu Jian.
             Slain by an orc warrior
             ... wielding a +0 war axe
              (10 damage)
             ... on level 7 of the Dungeon on Jan 7, 2024.
             The game lasted 00:10:30 (6058 turns).

Kallu the Fighter (Ghoul Monk)                      Turns: 6058, Time: 00:10:32

Health: -2/86      AC:  6    Str: 16 (19) XL:     9   Next: 98%
Magic:  8/8        EV: 11    Int:  5      God:    Wu Jian [**....]
Gold:   334        SH:  0    Dex: 16 (17) Spells: 8/8 levels left

rFire   . .          .
                       - Unarmed
rCold   + + .        c - orb {light}
rNeg    + + +        e - +1 ring mail {rC+}
rPois   ∞            (no helmet)
rElec   .            (no cloak)
rCorr   .            (no gloves)
SInv    +            (no boots)
Will    .....        D - amulet of regeneration
Stlth   +            o - ring of see invisible
HPRegen 0.00/turn    q - +6 ring of dexterity
MPRegen 0.11/turn

%: no passive effects
@: flying, inhibited regen, hasted, glowing, very quick
A: claws 1, cold resistance 1, negative energy resistance 3, inhibited
regeneration, torment resistance 2, devour on kill
a: Renounce Religion, Wall Jump


You were on level 7 of the Dungeon.
You worshipped Wu Jian.
Wu Jian was pleased with you.
You visited 2 branches of the dungeon, and saw 8 of its levels.

You collected 334 gold pieces.

Inventory:

Hand Weapons
 L - the +7 staff of the Meek {protect, meekguard}
   (You found it on level 7 of the Dungeon)
Missiles
 w - 2 throwing nets (quivered)
 C - 5 poisoned darts
 J - 4 javelins
Armour
 c - an orb of light (worn)
 e - a +1 ring mail of cold resistance (worn)
 F - a +2 pair of gloves
Jewellery
 o - a ring of see invisible (left claw)
 q - a +6 ring of dexterity (right claw)
 D - an amulet of regeneration (around neck)
 G - a +6 ring of dexterity
Wands
 A - a wand of paralysis (4)
 I - a wand of flame (50)
Scrolls
 a - 2 scrolls of brand weapon {unknown}
 d - a scroll of enchant weapon {unknown}
 f - 2 scrolls of teleportation
 h - 8 scrolls of identify {unknown}
 i - a scroll of acquirement {unknown}
 j - 2 scrolls of fog {unknown}
 l - 2 scrolls of noise {unknown}
 m - 2 scrolls of vulnerability {unknown}
 t - a scroll of torment {unknown}
 x - a scroll of fear {unknown}
 y - a scroll of magic mapping {unknown}
 z - a scroll of immolation {unknown}
 K - a scroll of butterflies {unknown}
Potions
 b - 3 potions of ambrosia
 g - 2 potions of curing
 k - a potion of attraction {unknown}
 n - 3 potions of flight
 p - a potion of might {unknown}
 r - 2 potions of mutation
 s - a potion of brilliance {unknown}
 u - a potion of berserk rage {unknown}
 v - a potion of haste
 B - a potion of invisibility {unknown}
 E - 2 potions of resistance {unknown}
 H - a potion of heal wounds {unknown}


   Skills:
 - Level 10.6 Fighting
 - Level 4.0 Armour
 - Level 2.6 Dodging
 + Level 10.4 Unarmed Combat


You had 8 spell levels left.
You didn't know any spells.
Your spell library was empty.

Dungeon Overview and Level Annotations

Branches:
Dungeon (7/15)             Temple (1/1) D:4

Altars:
Ashenzari
Dithmenos
Fedhas
Gozag
Hepliaklqana
Kikubaaqudgha
Makhleb
Okawaru
Sif Muna
Trog
Vehumet
Wu Jian
Xom
Yredelemnul

Shops:
D:1 *   D:3 =


Innate Abilities, Weirdness & Mutations

You are immune to poison.
You have sharp fingernails.
Your flesh is cold resistant. (rC+)
You are immune to negative energy. (rN+++)
You do not regenerate when monsters are visible.
You are immune to unholy pain and torment.
You thrive by killing the living.


Message History

The gnoll sergeant barely misses you. The orc warrior barely misses you.
The orc warrior hits you with a +0 war axe!
The gnoll sergeant hits you from afar with a +3 spear of flaming.
* * * LOW HITPOINT WARNING * * *
The gnoll sergeant burns you.
* * * LOW HITPOINT WARNING * * *
Unknown command.
Okay, then.
Unknown command.
Okay, then.
It was a potion of curing.
You feel better. The gnoll sergeant closely misses you.
The orc warrior closely misses you. The sky beast hits you.
* * * LOW HITPOINT WARNING * * *
The sky beast shocks you.
* * * LOW HITPOINT WARNING * * *
It was a potion of flight.
You feel very buoyant.
You fly up into the air.
The gnoll sergeant barely misses you.
The orc warrior hits you with a +0 war axe.
* * * LOW HITPOINT WARNING * * *
The sky beast hits you but does no damage.
It was a potion of mutation.
You feel extremely strange.
Your body decomposes!
You feel weakened.
Your body decomposes!
You feel weakened.
Your body decomposes!
You feel weakened.
Your body decomposes!
You feel clumsy.
The gnoll sergeant hits you but does no damage.
The orc warrior barely misses you. The sky beast barely misses you.
It was a potion of haste.
You feel yourself speed up.
The gnoll sergeant hits you from afar with a +3 spear of flaming!
* * * LOW HITPOINT WARNING * * *
The gnoll sergeant burns you.
* * * LOW HITPOINT WARNING * * *
The orc warrior hits you with a +0 war axe!
You die...

.....>..)..........# .
........)..........# .
.........))........# #
...........)......## #
# ................###
#.. #
...............####...#
# #............g###...#
# ##.........##Y..[.#
###.......##@o.###
##..###.#...##
#..####...###
##.###...### #..#..)###
#....###.. #..###....
#..'.....# #..###....


You could see an orc warrior, a sky beast (invisible) and a gnoll sergeant.

Vanquished Creatures
  4 yaks (D:5)
  Eustachio (D:5)
  2 steam dragons
  Duvessa (D:4)
  A water moccasin (D:4)
  An ice beast (D:5)
  3 black bears
  2 centaurs
  A phantom (D:6)
  A bullfrog (D:6)
  3 necrophages (D:5)
  2 water moccasin zombies (D:5)
  A wight (D:5)
  5 scorpions
  Dowan (D:4)
  A howler monkey (D:5)
  3 bullfrog zombies (D:5)
  A human zombie (D:5)
  A hound (D:5)
  2 gnoll boudas
  A sleepcap (D:7)
  2 iguanas
  A scorpion zombie (D:5)
  Natasha (D:3)
  2 orc wizards
  A mummy (D:5)
  12 gnolls
  7 adders
  2 ufetubi (D:7)
  A worm (D:2)
  14 orcs
  10 bats
  9 endoplasms
  4 giant cockroaches
  9 hobgoblins
  2 jackals (D:1)
  4 kobolds
  A quokka (D:3)
  5 ball pythons
  4 frilled lizards
  5 goblins
  6 rats
140 creatures vanquished.

Notes
Turn   | Place    | Note
-------+----------+-------------------------------------------
     0 | D:1      | Kallu the Ghoul Monk began the quest for the Orb.
     0 | D:1      | Reached XP level 1. HP: 19/19 MP: 0/0
    53 | D:1      | Reached XP level 2. HP: 23/26 MP: 1/1
   184 | D:1      | Found Keeruhab's Assorted Antiques.
   598 | D:2      | Reached XP level 3. HP: 31/31 MP: 2/2
   909 | D:2      | Reached skill level 5 in Unarmed Combat
  1433 | D:3      | Reached XP level 4. HP: 38/38 MP: 3/3
  1892 | D:3      | Noticed Natasha
  1899 | D:3      | Killed Natasha
  1900 | D:3      | Reached XP level 5. HP: 45/45 MP: 4/4
  1915 | D:3      | Found Wionoc's Jewellery Emporium.
  2475 | D:4      | Noticed Duvessa
  2475 | D:4      | Noticed Dowan
  2651 | D:4      | Noticed a black bear
  2922 | D:4      | Found a staircase to the Ecumenical Temple.
  2931 | Temple   | Entered the Ecumenical Temple
  3068 | D:4      | Reached XP level 6. HP: 24/52 MP: 5/5
  3215 | D:4      | Noticed a water moccasin
  3221 | D:4      | Killed a water moccasin
  3308 | D:4      | Killed a black bear
  3309 | D:4      | Reached skill level 5 in Fighting
  3347 | D:4      | Killed Duvessa
  3348 | D:4      | Reached XP level 7. HP: 26/62 MP: 6/6
  3352 | D:4      | Killed Dowan
  3738 | D:5      | Entered Level 5 of the Dungeon
  3778 | D:5      | Found an iron altar of Okawaru.
  3947 | D:5      | Reached XP level 8. HP: 26/73 MP: 7/7
  4120 | D:5      | Found a basalt altar of Yredelemnul.
  4491 | D:5      | Found an ornate altar of the Wu Jian Council.
  4535 | D:5      | Became a worshipper of the Wu Jian Council
  4535 | D:5      | Reached * piety under Wu Jian
  4535 | D:5      | Reached ** piety under Wu Jian
  4601 | D:5      | Noticed Eustachio
  4607 | D:5      | Killed Eustachio
  4611 | D:5      | Reached XP level 9. HP: 84/84 MP: 8/8
  4662 | D:5      | Found a broken altar of Ashenzari.
  4662 | D:5      | Found a shadowy altar of Dithmenos.
  4790 | D:5      | Found an ancient bone altar of Kikubaaqudgha.
  4917 | D:5      | Found a hazy altar of Hepliaklqana.
  5007 | D:5      | Found a shimmering blue altar of Sif Muna.
  5082 | D:5      | Reached skill level 1 in Armour
  5144 | D:5      | Reached skill level 10 in Fighting
  5705 | D:7      | Found the +7 staff of the Meek {protect, meekguard}
  5716 | D:7      | Reached skill level 10 in Unarmed Combat
  5878 | D:7      | Found a blossoming altar of Fedhas.
  5913 | D:7      | Found a burning altar of Makhleb.
  6058 | D:7      | Slain by an orc warrior

Illustrated notes

Levels and vault maps discovered:
D:1:      nagdon_arrival_zigzag_paths, layout_basic, serial_shops,
          nicolae_shop_rolling_square
D:2:      layout_loops_ring, dreamdust_mushroom_princess, solitary_fountain
D:3:      minmay_razor_zed, layout_basic, serial_co_window_serial,
          co_window_paths_a, co_window_paths_a, co_window_paths_a,
          co_window_of_opportunity_a, co_window_paths_a, co_window_cross_3,
          co_window_corner_b, co_window_unsneaky_path_a,
          co_window_of_opportunity_c, co_window_paths_e, glass_columns_c,
          glass_columns_c, glass_columns_a, serial_shops, shop,
          corexii_item_surrounded_by_moat, uniq_natasha
D:4:      layout_gridville, minmay_temple_entry_tees, uniq_duvessa
D:5:      nicolae_cairo_tiling_very_big, layout_gridville,
          lemuel_mausoleum_altar_yredelemnul, old_standard_altar,
          nzn_hepliaklqana_mist_gate, mainiacjoe_overflow_boulevard,
          lemuel_blue_sif_altar, mainiacjoe_overflow_alcove_1,
          gammafunk_temple_overflow_statue, minivault_26, uniq_eustachio
D:6:      layout_cave_pools, elyvilon_altar_5
D:7:      minmay_the_grid_triangle_9x9_recursive_2
          [minmay_the_grid_triangle_9x9_prize_top_heavy,
          minmay_the_grid_triangle_9x9_shrine,
          minmay_the_grid_triangle_9x9_dagger,
          minmay_the_grid_triangle_9x9_pentomino_pain], layout_cave_pods,
          fedhas_altar_3, mainiacjoe_overflow_alcove_2,
          chequers_ossuary_entry_cave, gammafunk_ghost_nasty_kobolds
Temple:   hellmonk_temple_rainy

Skill      XL: |  1  2  3  4  5  6  7  8  9 |
---------------+----------------------------+-----
Unarmed Combat | 4 5 6 7 9 10 | 10.4
Fighting       | 4 5 7 9 10 | 10.6
Armour         | 4 |  4.0
Dodging        | |  2.6

Action                     |  1- 3 |  4- 6 |  7- 9 || total
---------------------------+-------+-------+-------++-------
  Melee: Unarmed           |   103 |   119 |   247 ||   469
Ability: Lunge             |       |       |    13 ||    13
         Whirlwind         |       |       |    27 ||    27
         Wall Jump         |       |       |     3 ||     3
    Use: Scroll            |       |     1 |       ||     1
         Potion            |       |       |     4 ||     4
 Armour: Robe              |     3 |       |       ||     3
         Ring mail         |    19 |    43 |    64 ||   126
  Dodge: Dodged            |    62 |    68 |   136 ||   266
